 Dungeon Crawl Stone Soup version 0.27.0-1-g7a089689b8 (webtiles) character file.

Game seed: 9279938071992751215

345 shoop the Slicer (level 6, -5/37 HPs)
             Began as a Kobold Delver on Aug 14, 2021.
             Slain by an ogre (22 damage)
             ... on level 7 of the Dungeon.
             The game lasted 00:04:08 (1031 turns).

shoop the Slicer (Kobold Delver)                    Turns: 1031, Time: 00:04:09

Health: -5/37      AC:  3    Str: 11    XL:     6   Next: 89%
Magic:  6/6        EV: 14    Int: 11    God:
Gold:   55         SH:  0    Dex: 17    Spells: 5/5 levels left

rFire    . . .     SeeInvis .   a - +0 short sword
rCold    . . .     Faith    .   (shield restricted)
rNeg     . . .     Spirit   .   b - +0 leather armour
rPois    .         Reflect  .   (no helmet)
rElec    .         Harm     .   (no cloak)
rCorr    .         Rampage  .   (no gloves)
Will     .....                  (no boots)
Stlth    ++++......             (no amulet)
HPRegen  0.12/turn              (no ring)
MPRegen  0.10/turn              (no ring)

@: no status effects
A: small, no large weapons, nightstalker 3
a: no special abilities


You were on level 7 of the Dungeon.
You visited 1 branch of the dungeon, and saw 3 of its levels.
You also visited: Ossuary.

You collected 65 gold pieces.
You spent 10 gold pieces at shops.

Inventory:

Hand Weapons
 a - a +0 short sword (weapon)
Armour
 b - a +0 leather armour (worn)
Wands
 g - a wand of digging (3)
Scrolls
 c - a scroll of fog
 d - 3 scrolls of magic mapping
 e - a scroll of fear
 h - a scroll of identify
Potions
 f - 2 potions of haste
 i - a potion of lignification


   Skills:
 - Level 3.2 Fighting
 * Level 9.0 Short Blades
 - Level 2.4 Dodging
 - Level 6.6 Stealth


You had 5 spell levels left.
You didn't know any spells.
Your spell library was empty.

Dungeon Overview and Level Annotations

Branches:
Dungeon (7/15)            Ossuary (visited)
 Temple: D:4-7

Altars:
Ashenzari

Shops:
D:6 *

Annotations:
D:6 exclusions: gnoll, 2 orcs, skeleton and zombie


Innate Abilities, Weirdness & Mutations

You are small and have problems with some larger weapons.
You are completely attuned to the shadows.


Message History

The howler monkey is heavily wounded.
The howler monkey hits you.
You hit the howler monkey.
The howler monkey is severely wounded.
The howler monkey hits you.
You hit the howler monkey.
The howler monkey is severely wounded.
The howler monkey hits you.
You hit the howler monkey.
The howler monkey is almost dead.
The howler monkey misses you.
You barely miss the howler monkey.
The howler monkey is almost dead.
You hit the howler monkey.
You kill the howler monkey!
Your Short Blades skill increases to level 9!
You hit the orc.
The orc is lightly wounded.
The orc hits you but does no damage.
You hit the orc but do no damage.
The orc is lightly wounded.
You hit the orc.
The orc is severely wounded.
The orc barely misses you.
You barely miss the orc.
The orc is severely wounded.
The orc misses you.
You hit the orc.
You kill the orc!
You see here a +0 whip.
An orc comes into view. It is wielding a +0 club.
You start resting.
An ogre comes into view. It is wielding a +0 giant spiked club.
You barely miss the ogre.
The ogre shouts!
You hear a shout!
You hit the ogre.
The ogre is lightly wounded.
The ogre hits you with a +0 giant spiked club!!
Ouch! That really hurt!
You die...

...# #...# ##...####
........##########
.<...............##
.........####.#.#.####
##........# #.#.@....#
#<..#...## #.###O##.#
#...##.## ##..)### #
######.# #..†..# #.#
#o###.# #+# #. ... #.
## #.


You could see an ogre.

Vanquished Creatures
  An ice beast (D:6)
  A water moccasin zombie (D:7)
  3 howler monkeys (D:7)
  A centaur skeleton (D:6)
  An iguana (D:5)
  A mummy (Ossuary)
  An adder (D:6)
  4 orcs
  4 hobgoblin zombies (Ossuary)
  2 kobold zombies (Ossuary)
  An orc zombie (Ossuary)
20 creatures vanquished.

Notes
Turn   | Place    | Note
-------+----------+-------------------------------------------
     0 | D:5      | shoop the Kobold Delver began the quest for the Orb.
     0 | D:5      | Reached XP level 1. HP: 14/14 MP: 1/1
    32 | D:5      | Noticed an iguana
    43 | D:5      | Killed an iguana
    44 | D:5      | Reached skill level 4 in Short Blades
    44 | D:5      | Reached XP level 2. HP: 19/19 MP: 2/2
    44 | D:5      | Reached XP level 3. HP: 23/23 MP: 3/3
   159 | D:6      | Reached skill level 5 in Short Blades
   159 | D:6      | Reached XP level 4. HP: 28/28 MP: 4/4
   278 | D:6      | Found Leguddix's CLEARANCE SALE! EVERYTHING MUST GO!.
   286 | D:6      | Bought a scroll of identify for 10 gold pieces
   290 | D:6      | Noticed a centaur warrior zombie
   323 | D:6      | Found a sand-covered staircase.
   330 | Ossuary  | Entered an ossuary
   446 | Ossuary  | Reached skill level 6 in Short Blades
   847 | D:6      | Noticed an ice beast
   855 | D:6      | Killed an ice beast
   856 | D:6      | Reached skill level 7 in Short Blades
   856 | D:6      | Reached XP level 5. HP: 32/32 MP: 5/5
   866 | D:6      | Found a broken altar of Ashenzari.
   950 | D:7      | Reached skill level 8 in Short Blades
   950 | D:7      | Reached XP level 6. HP: 37/37 MP: 6/6
   996 | D:7      | Reached skill level 9 in Short Blades
  1029 | D:7      | Noticed an ogre
  1031 | D:7      | Slain by an ogre

Illustrated notes

Levels and vault maps discovered:
D:5:      layout_rooms, minmay_temple_entry_gardened_gates, uniq_blork_the_orc
D:6:      layout_rooms, old_standard_altar, serial_rivers,
          chequers_serial_rivers_small_3, chequers_serial_rivers_large_a,
          chequers_serial_rivers_micro_b, chequers_serial_rivers_marsh,
          nicolae_ossuary_entry_monument, minivault_25, nicolae_shop_clearance,
          uniq_maggie
D:7:      layout_loops_corners, nicolae_wu_jian_wuxing_cycle,
          mainiacjoe_overflow_boulevard

Skill      XL: |  1  2  3  4  5  6 |
---------------+-------------------+-----
Short Blades   | 4 5 7 8 9 |  9.0
Fighting       | |  3.2
Dodging        | |  2.4
Stealth        | |  6.6

Action                   |  1- 3 |  4- 6 || total
-------------------------+-------+-------++-------
Melee: Short sword       |     2 |    94 ||    96
  Use: Scroll            |       |     1 ||     1
 Stab: Sleeping          |     2 |     4 ||     6
Armor: Leather armour    |       |     3 ||     3
Dodge: Dodged            |       |    33 ||    33
